 Dungeon Crawl Stone Soup version 0.30-a0-335-ge5acde7520 (webtiles) character file.

Game seed: 15480223583610884339

6450 porpoise the Spear-Bearer (level 10, -8/79 HPs)
             Began as a Demonspawn Gladiator on Oct 31, 2022.
             Was an Initiate of Yredelemnul.
             Mangled by a death yak (11 damage)
             ... on level 9 of the Dungeon.
             The game lasted 00:36:55 (9300 turns).

porpoise the Spear-Bearer (Demonspawn Gladiator)    Turns: 9300, Time: 00:36:56

Health: -8/79      AC: 12    Str: 19    XL:     10   Next: 67%
Magic:  16/16      EV: 13    Int: 10    God:    Yredelemnul [......]
Gold:   352        SH:  4    Dex: 14    Spells: 9/9 levels left

rFire   . . .      SeeInvis .    a - +4 trident (vorpal)
rCold   . . .      Faith    .    L - +0 buckler
rNeg    . . .      Spirit   .    Q - +0 steam dragon scales
rPois   .          Reflect  .    (helmet restricted)
rElec   .          Harm     .    t - +0 cloak
rCorr   .          Rampage  .    R - +0 pair of gloves
Will    .....                    J - +0 pair of boots
Stlth   +.........               (no amulet)
HPRegen 0.33/turn                (no ring)
MPRegen 0.15/turn                (no ring)

@: about to teleport
A: horns 1, icy blue scales 2, powered by death 2, spiny 1
a: Renounce Religion, Recall Undead Harvest


You were on level 9 of the Dungeon.
You worshipped Yredelemnul.
Yredelemnul was aware of your devotion.
You visited 2 branches of the dungeon, and saw 10 of its levels.

You collected 426 gold pieces.
You spent 74 gold pieces at shops.

Inventory:

Hand Weapons
 a - a +4 vorpal trident (weapon)
Missiles
 d - 4 throwing nets
 e - 5 javelins
 i - 4 boomerangs
 k - 36 poisoned darts (quivered)
 x - 8 boomerangs of dispersal
 C - a silver boomerang
 P - a curare-tipped dart
Armour
 t - a +0 cloak (worn)
 J - a +0 pair of boots (worn)
 L - a +0 buckler (worn)
 Q - +0 steam dragon scales (worn)
 R - a +0 pair of gloves (worn)
Jewellery
 K - an amulet of faith
 M - an amulet of guardian spirit
Wands
 D - a wand of digging (6)
 F - a wand of polymorph (5)
 G - a wand of acid (11)
 S - a wand of roots (1)
Scrolls
 g - 2 scrolls of magic mapping
 h - 3 scrolls of blinking
 l - 2 scrolls of enchant armour
 n - a scroll of poison {unknown}
 q - 3 scrolls of teleportation
 r - 2 scrolls of fear
 s - a scroll of amnesia {unknown}
 u - a scroll of vulnerability {unknown}
 v - 2 scrolls of noise
 y - a scroll of butterflies {unknown}
 N - a scroll of acquirement {unknown}
 O - a scroll of enchant weapon
Potions
 b - a potion of attraction
 c - a potion of ambrosia
 f - 4 potions of flight
 j - a potion of magic
 m - a potion of might
 o - a potion of heal wounds
 p - 4 potions of curing
 w - a potion of invisibility {unknown}
 z - a potion of resistance
 A - a potion of brilliance
 B - a potion of lignification {unknown}
 E - a potion of haste
 H - a potion of mutation {unknown}
 I - 2 potions of berserk rage {unknown}


   Skills:
 - Level 7.0 Fighting
 + Level 10.4 Polearms
 - Level 1.7 Throwing
 - Level 5.0 Armour
 - Level 5.0 Dodging
 + Level 2.6 Shields
 + Level 8.2 Invocations


You had 9 spell levels left.
You didn't know any spells.
Your spell library contained the following spells:

 Spells                   Type           Power      Damage    Failure   Level
 Magic Dart               Conj           0%         1d3       45%         1
 Blink                    Tloc           0%         N/A       58%         2
 Momentum Strike          Conj/Tloc      0%         3d8       58%         2
 Searing Ray              Conj           0%         2d4       58%         2
 Sublimation of Blood     Necr           0%         N/A       58%         2
 Inner Flame              Hex/Fire       0%         N/A       83%         3
 Lesser Beckoning         Tloc           0%         N/A       83%         3
 Flame Wave               Conj/Fire      0%         2d4       99%         4
 Fulminant Prism          Conj/Hex       0%         3d5       99%         4
 Petrify                  Tmut/Erth      0%         N/A       99%         4
 Sticky Flame             Conj/Fire      0%         2d3       99%         4
 Irradiate                Conj/Tmut      0%         3d11      100%        5


Dungeon Overview and Level Annotations

Branches:
Dungeon (9/15)             Temple (1/1) D:5            Lair (0/5) D:9
    Orc: D:9-12

Altars:
Cheibriados
Dithmenos
Fedhas
Gozag
Kikubaaqudgha
Nemelex Xobeh
Qazlal
Ru
Sif Muna
Uskayaw
Vehumet
Wu Jian
Xom
Yredelemnul

Shops:
D:1 *   D:7 (

Annotations:
D:6 2 runed translucent doors, FizzleBag's ghost, novice MiFi
D:8 8 runed translucent doors Olgreb's, Darkkill's ghost, novice MiHu


Innate Abilities, Weirdness & Mutations

You have a pair of small horns on your head.
You are mostly covered in icy blue scales. (AC +3)
You regenerate health from kills.
You are partially covered in sharp spines.


Message History

Press: ? - help, Shift-Dir - straight line, f/p - death yak
Aim: a death yak (lightly wounded, covered in acid)
Okay, then.
Unknown command.
You hit the death yak.
The death yak is heavily wounded.
Your killer bee zombie hits the yak. x2
The yak barely misses your gnoll zombie.
The death yak gores your gnoll zombie!!
Your gnoll zombie is destroyed!
Your orc zombie hits the yak but does no damage.
You hit the death yak. Your headbutt misses the death yak.
The death yak is heavily wounded.
Your killer bee zombie hits the yak!
You puncture the death yak! You headbutt the death yak.
The death yak is severely wounded.
Your killer bee zombie closely misses the yak.
You block the yak's attack. The yak gores your killer bee zombie!
The death yak misses your killer bee zombie.
Your orc zombie barely misses the death yak.
Your killer bee zombie barely misses the yak.
You hit the death yak.
The death yak is almost dead.
Your killer bee zombie barely misses the yak.
The death yak is struck by your spines. The death yak misses you.
The yak gores your killer bee zombie!
Your killer bee zombie is destroyed!
Your orc zombie hits the death yak but does no damage.
The yak bellows!
As you read the scroll of teleportation, it crumbles to dust.
You feel strangely unstable.
The death yak snorts and paws the ground.
The death yak gores you!!
* * * LOW HITPOINT WARNING * * *
The yak completely misses you. The yak is struck by your spines.
The yak gores you!
* * * LOW HITPOINT WARNING * * *
The death yak gores you!
You die...
Your body rises from the dead as a mindless zombie.

#.......# ##.......##
######..# #.......... .
#..######.......... ..
#................. ...
#.............#.##
#...........Z....#
#..........Y.....#
#......##(YYY#..:#
#......#.YY@Y....#
#......#.......#...
#......#.....>..... ##
#......#...#.......
.#####......#......#....
............#...........
............#...#.......
............##..........
......................#


You could see 3 death yaks, 4 yaks and a friendly orc zombie.

Vanquished Creatures
  Joseph (D:7)
  Maggie (D:8)
  Grinder (D:6)
  Sigmund (D:3)
  A wyvern (D:7)
  2 steam dragons
  Menkaure (D:4)
  An acid dragon (D:9)
  A water moccasin (D:8)
  Duvessa (D:5)
  2 black bears
  3 orc warriors
  3 ogres
  3 centaurs
  2 kobold brigands
  3 bullfrogs
  A necrophage (D:4)
  2 gnoll sergeants (D:9)
  3 scorpions
  11 wights
  8 killer bees
  5 howler monkeys
  4 orc priests
  2 gnoll boudas
  5 hounds
  Ijyb (D:5)
  7 iguanas
  11 orc wizards
  12 adders
  19 gnolls
  2 white imps
  3 ufetubi
  A worm (D:5)
  2 dart slugs (D:3)
  34 orcs
  6 ball pythons
  5 bats
  6 endoplasms
  3 giant cockroaches
  2 goblins (D:4)
  10 hobgoblins
  8 jackals
  12 kobolds
  5 quokkas
  A training dummy (D:7)
  5 frilled lizards
  3 rats
226 creatures vanquished.

Vanquished Creatures (collateral kills)
  2 yaks (D:9)
  An ogre (D:5)
  A scorpion (D:6)
  A wight (D:8)
  Dowan (D:5)
  A killer bee (D:9)
  An iguana (D:5)
  7 gnolls
  6 orcs
  A kobold (D:6)
  2 training dummies (D:7)
24 creatures vanquished.

Vanquished Creatures (others)
  A killer bee (D:8)
  A centaur zombie (D:9)
  A scorpion zombie (D:6)
  4 killer bee zombies
  An acid dragon zombie (D:9)
  3 hound zombies (D:6)
  2 howler monkey zombies
  2 elf zombies (D:5)
  A steam dragon zombie (D:8)
  2 adder zombies
  2 iguana zombies
  A spectral white imp (D:6)
  8 gnoll zombies
  4 kobold zombies
  12 orc zombies
  A spectral ufetubus (D:5)
46 creatures vanquished.

Grand Total: 296 creatures vanquished

Notes
Turn   | Place    | Note
-------+----------+-------------------------------------------
     0 | D:1      | porpoise the Demonspawn Gladiator began the quest for the
                  | Orb.
     0 | D:1      | Reached XP level 1. HP: 16/16 MP: 1/1
   106 | D:1      | Reached skill level 3 in Polearms
   148 | D:1      | Gained mutation: You are partially covered in icy blue
                  | scales. (AC +2) [demonic ancestry]
   148 | D:1      | Reached XP level 2. HP: 22/22 MP: 2/2
   489 | D:1      | You fall into a shaft and drop 1 floor!
   586 | D:2      | Reached XP level 3. HP: 27/28 MP: 3/3
   800 | D:1      | Found Qusuom's Assorted Antiques.
   809 | D:1      | Bought a ruby potion for 14 gold pieces
   809 | D:1      | Bought a scroll labelled MUUWORPHOTOI for 16 gold pieces
   809 | D:1      | Bought a fizzy emerald potion for 14 gold pieces
   809 | D:1      | Bought a fizzy grey potion for 14 gold pieces
   809 | D:1      | Bought a scroll labelled XONIXA UXUN RIUNO for 16 gold
                  | pieces
   981 | D:2      | Reached skill level 4 in Polearms
  1033 | D:2      | Gained mutation: You are partially covered in sharp spines.
                  | [demonic ancestry]
  1033 | D:2      | Reached XP level 4. HP: 34/34 MP: 4/4
  1494 | D:3      | Gained mutation: You regenerate a little health from kills.
                  | [demonic ancestry]
  1494 | D:3      | Reached XP level 5. HP: 21/41 MP: 5/5
  1766 | D:3      | Noticed Sigmund
  1777 | D:3      | Killed Sigmund
  1778 | D:3      | Reached skill level 5 in Polearms
  1778 | D:3      | Gained mutation: You regenerate health from kills. [demonic
                  | ancestry]
  1778 | D:3      | Reached XP level 6. HP: 48/48 MP: 6/6
  2434 | D:4      | Noticed Menkaure
  2564 | D:4      | Killed Menkaure
  2565 | D:4      | Reached skill level 6 in Polearms
  2565 | D:4      | Reached XP level 7. HP: 55/55 MP: 7/7
  3323 | D:4      | Reached skill level 5 in Fighting
  3671 | D:4      | Reached skill level 7 in Polearms
  3855 | D:5      | Entered Level 5 of the Dungeon
  3928 | D:5      | Found a staircase to the Ecumenical Temple.
  3934 | Temple   | Entered the Ecumenical Temple
  3982 | Temple   | Became a worshipper of Yredelemnul the Dark
  4048 | D:5      | Noticed Duvessa
  4048 | D:5      | Noticed Dowan
  4058 | D:5      | Killed Duvessa
  4059 | D:5      | Reached skill level 1 in Invocations
  4068 | D:5      | Killed Dowan
  4069 | D:5      | Reached * piety under Yredelemnul
  4069 | D:5      | Gained mutation: You have a pair of small horns on your
                  | head. [demonic ancestry]
  4069 | D:5      | Reached XP level 8. HP: 58/63 MP: 9/9
  4152 | D:5      | Your ally Duvessa died
  4165 | D:5      | Your ally Dowan died
  4731 | D:5      | Noticed Ijyb
  4742 | D:5      | Killed Ijyb
  4759 | D:5      | Reached ** piety under Yredelemnul
  4766 | D:5      | Reached skill level 8 in Polearms
  5232 | D:6      | Reached skill level 5 in Invocations
  5309 | D:6      | Gained mutation: You are mostly covered in icy blue scales.
                  | (AC +3) [demonic ancestry]
  5309 | D:6      | Reached XP level 9. HP: 72/72 MP: 13/13
  5390 | D:6      | Reached skill level 1 in Armour
  5410 | D:6      | Reached *** piety under Yredelemnul
  5791 | D:6      | Noticed Grinder
  5800 | D:6      | Paralysed by Grinder for 5 turns
  5806 | D:6      | Killed Grinder
  5906 | D:6      | Found a runed translucent door.
  5908 | D:6      | Noticed FizzleBag's ghost (novice MiFi)
  6020 | D:6      | Found a runed translucent door.
  6382 | D:7      | Found a sacrificial altar of Ru.
  6475 | D:7      | Reached skill level 9 in Polearms
  6820 | D:7      | Noticed Joseph
  6831 | D:7      | Killed Joseph
  7003 | D:7      | Found Juhaap's Firing Range.
  7726 | D:8      | Reached XP level 10. HP: 48/79 MP: 15/15
  7828 | D:8      | Found a hide-covered altar of Uskayaw.
  7883 | D:8      | Found a runed translucent gate.
  7883 | D:8      | Noticed Darkkill's ghost (novice MiHu)
  7884 | D:8      | Found a runed translucent gate.
  7885 | D:8      | Found a runed translucent gate.
  7900 | D:8      | Noticed Maggie
  7924 | D:8      | Killed Maggie
  8020 | D:8      | Found the +9 staff of Olgreb {rPois∞}
  8033 | D:8      | Found a runed translucent gate.
  8035 | D:8      | Found a runed translucent door.
  8047 | D:8      | Found a runed translucent gate.
  8047 | D:8      | Found a runed translucent gate.
  8051 | D:8      | Found a runed translucent door.
  8516 | D:8      | Found an ancient bone altar of Kikubaaqudgha.
  8518 | D:8      | Found a stormy altar of Qazlal.
  8532 | D:8      | Reached skill level 5 in Armour
  8535 | D:8      | Reached skill level 5 in Dodging
  8848 | D:9      | Reached skill level 10 in Polearms
  8986 | D:9      | Reached skill level 1 in Shields
  9143 | D:9      | Reached **** piety under Yredelemnul
  9263 | D:9      | Found a staircase to the Lair.
  9276 | D:9      | Noticed a death yak
  9277 | D:9      | Noticed a death yak
  9280 | D:9      | Noticed a death yak
  9300 | D:9      | HP: 3/79 [yak (7)]
  9300 | D:9      | Mangled by a death yak

Illustrated notes

Levels and vault maps discovered:
D:1:      dpeg_arrival_simpleton_a, layout_rooms, serial_shops,
          nicolae_shop_trees
D:2:      layout_basic
D:3:      layout_basic, uniq_sigmund
D:4:      layout_loops_corners, uniq_menkaure
D:5:      lemuel_ice_spiral_2, layout_basic,
          minmay_temple_entry_statues_pillars, hangedman_decor_peaks_small,
          uniq_ijyb, uniq_duvessa
D:6:      layout_cave_pods, ebering_ghost_sewer_f, kennysheep_big_empty_room,
          uniq_grinder
D:7:      layout_loops_corners, lemuel_tele_altar, nicolae_shop_firing_range,
          uniq_joseph
D:8:      layout_basic, chequers_temple_overflow_statue_of_worship,
          nicolae_uskayaw_murder_on_the_dancefloor, biasface_ghost_orc_armoury,
          minmay_guarded_unrand_staff_of_olgreb, uniq_maggie
D:9:      layout_irregular_city, dpeg_lair_monsters
Temple:   nicolae_temple_superstar

Skill      XL: |  1  2  3  4  5  6  7  8  9 10 |
---------------+-------------------------------+-----
Polearms       | 3 4 5 6 7 8 9 10 | 10.4
Fighting       | 3 4 5 7 |  7.0
Invocations    | 2 5 7 8 |  8.2
Armour         | 4 5 |  5.0
Dodging        | 4 5 |  5.0
Shields        | 2 |  2.6
Throwing       | |  1.7

Action                   |  1- 3 |  4- 6 |  7- 9 | 10-12 || total
-------------------------+-------+-------+-------+-------++-------
Melee: Trident           |   129 |   112 |   375 |   148 ||   764
       Punch             |     1 |     1 |     4 |       ||     6
       Headbutt          |       |       |    58 |    34 ||    92
Throw: Throwing net      |       |     2 |       |       ||     2
       Dart              |       |       |    14 |       ||    14
Evoke: Wand              |       |       |       |     1 ||     1
  Use: Scroll            |       |     6 |     9 |     1 ||    16
       Potion            |       |       |       |     2 ||     2
 Stab: Sleeping          |     2 |     1 |       |       ||     3
       Distracted        |       |     1 |     3 |     1 ||     5
Armor: Leather armour    |    34 |     4 |       |       ||    38
       Ring mail         |       |    14 |   113 |     8 ||   135
       Steam dragon scal |       |       |       |    46 ||    46
Dodge: Dodged            |    68 |    38 |   143 |    99 ||   348
Block: Buckler           |       |       |       |    29 ||    29

Table legend: (Time is in decaauts)
 A = Elapsed time spent in this place.
 B = Non-inter-level travel time spent in this place.
 C = Inter-level travel time spent in this place.
 D = Time resting spent in this place.
 E = Time spent auto-exploring this place.
 F = Levels seen in this place.
 G = Mean time per level.
                   A        B        C        D        E       F      G
               +--------+--------+--------+--------+--------+-----+--------+
         Total |  10050 |   9746 |    304 |   2061 |   5751 |  10 | 1005.0 |
       Dungeon |   9956 |   9692 |    264 |   2061 |   5715 |   9 | 1106.2 |
        Temple |     93 |     53 |     40 |      0 |     36 |   1 |   93.0 |
               +--------+--------+--------+--------+--------+-----+--------+

Top non-repeatable levels by time:
     D:8: 1473 daAuts
     D:7: 1465 daAuts
     D:3: 1422 daAuts
     D:5: 1401 daAuts
     D:6: 1234 daAuts
     D:4: 1162 daAuts
     D:1: 667 daAuts
     D:2: 624 daAuts
     D:9: 506 daAuts
  Temple: 93 daAuts
